 Dungeon Crawl Stone Soup version 0.27-a0-277-g024f7ef292 (webtiles) character file.

Game seed: 13975263569024460295

158 puppykicker the Chiller (level 5, -20/38 HPs)
             Began as a Barachi Ice Elementalist on Feb 5, 2021.
             Demolished by an ogre
             ... wielding a +0 giant club
              (24 damage)
             ... on level 4 of the Dungeon.
             The game lasted 00:07:35 (4166 turns).

puppykicker the Chiller (Barachi Ice Elementalist)  Turns: 4166, Time: 00:07:35

Health: -20/38     AC:  5    Str: 11    XL:     5   Next: 39%
Magic:  9/9        EV: 12    Int: 15    God:
Gold:   208        SH:  0    Dex: 12    Spells: 2/10 levels left

rFire    . . .     SeeInvis .   a - +0 trident
rCold    . . .     Faith    .   (no shield)
rNeg     . . .     Spirit   .   m - +0 leather armour
rPois    .         Reflect  .   f - +1 helmet
rElec    .         Harm     .   (no cloak)
rCorr    .         Rampage  .   (no gloves)
Will     .....                  (no boots)
Stlth    ++........             (no amulet)
HPRegen  0.12/turn              (no ring)
MPRegen  0.11/turn              (no ring)

@: slow
A: +LOS, swims, slowness 1, strong legs 1
a: Hop


You were on level 4 of the Dungeon.
You visited 1 branch of the dungeon, and saw 4 of its levels.

You collected 208 gold pieces.

Inventory:

Hand Weapons
 a - a +0 trident (weapon)
 b - a +0 hunting sling
Missiles
 n - 13 poisoned darts (quivered)
 p - 18 sling bullets
 v - 21 bolts
 Q - 14 arrows
Armour
 f - a +1 helmet (worn)
 h - a +0 ring mail
 m - a +0 leather armour (worn)
Scrolls
 c - a scroll of fear {unknown}
 d - 5 scrolls of remove curse {unknown}
 e - 3 scrolls of amnesia {unknown}
 i - 2 scrolls of enchant weapon {unknown}
 k - a scroll of magic mapping {unknown}
 o - 2 scrolls of teleportation {unknown}
 q - 3 scrolls of identify {unknown}
 u - a scroll of fog {unknown}
Potions
 g - a potion of heal wounds {unknown}
 j - a potion of degeneration {unknown}
 l - a potion of curing
 r - a potion of attraction {unknown}
 s - a potion of might {unknown}
 t - a potion of cancellation {unknown}


   Skills:
 + Level 2.2 Fighting
 + Level 2.0 Armour
 - Level 3.0 Dodging
 - Level 1.7 Stealth
 - Level 3.0 Spellcasting
 + Level 0.1 Summonings
 * Level 6.0 Ice Magic


You had 2 spell levels left.
You knew the following spells:

 Your Spells              Type           Power        Failure   Level
a - Freeze                Ice            80%          2%          1
b - Frozen Ramparts       Ice            40%          6%          3
c - Summon Ice Beast      Ice/Summ       11%          58%         4

Your spell library contained the following spells:

 Spells                   Type           Power        Failure   Level
 Ozocubu's Armour         Ice            20%          6%          3
 Hailstorm                Conj/Ice       11%          58%         4


Dungeon Overview and Level Annotations

Branches:
Dungeon (4/15)
 Temple: D:4-7

Altars:
The Shining One


Innate Abilities, Weirdness & Mutations

You can be seen from farther away. (+LOS)
You can swim through water.
You cover ground slowly.
You can hop short distances.


Message History

Aim: an ogre, wielding a +0 giant club (poisoned, 73% to hit)
You throw a poisoned dart. The poisoned dart hits the ogre.
The ogre looks even sicker.
Throw: 14 darts (poison)
Press: ? - help, Q - select action, (/) - cycle Shift-Dir - straight line, f/p - ogre
Aim: an ogre, wielding a +0 giant club (very poisoned, 73% to hit)
You throw a poisoned dart. The poisoned dart hits the ogre.
The ogre looks even sicker.
The ogre closely misses you.
You hit the ogre but do no damage. The ogre misses you.
You hit the ogre.
The ogre hits you with a +0 giant club!!
Ouch! That really hurt!
* * * LOW HITPOINT WARNING * * *
You hit the ogre. The ogre hits you with a +0 giant club!
* * * LOW HITPOINT WARNING * * *
You hit the ogre.
The ogre hits you with a +0 giant club!!
Ouch! That really hurt!
You die...

############
#<.........#
##########.#
#@# #O# #(#
#(# #(# #.#
#.# ... #?#


You could see an ogre (very poisoned).

Levels and vault maps discovered:
D:1:      giann_bridges, layout_basic
D:2:      minmay_chambers_of_twos, layout_basic
D:3:      layout_basic, lemuel_doored_altar
D:4:      layout_basic

Notes
Turn   | Place    | Note
-------+----------+-------------------------------------------
     0 | D:1      | puppykicker the Barachi Ice Elementalist began the quest
                  | for the Orb.
     0 | D:1      | Reached XP level 1. HP: 13/13 MP: 3/3
   269 | D:1      | Identified a +0 whip
   315 | D:1      | Reached skill level 5 in Ice Magic
   315 | D:1      | Reached XP level 2. HP: 13/20 MP: 0/5
   481 | D:1      | Identified a +1 helmet (You found it on level 1 of the
                  | Dungeon)
  1046 | D:1      | Reached skill level 1 in Fighting
  1325 | D:2      | Identified a +0 leather armour (You found it on level 2 of
                  | the Dungeon)
  1360 | D:2      | Identified a +0 dagger
  1360 | D:2      | Identified a +0 hunting sling
  1391 | D:2      | Reached XP level 3. HP: 15/26 MP: 1/6
  1547 | D:2      | Identified a +0 dagger
  1563 | D:2      | Identified a +0 dagger
  1566 | D:2      | Reached skill level 1 in Armour
  1663 | D:2      | Identified a +0 dagger
  1717 | D:2      | Identified a +0 dagger
  2093 | D:2      | Identified a +0 flail
  2266 | D:2      | Identified a +0 club
  2280 | D:2      | Learned a level 3 spell: Frozen Ramparts
  2593 | D:3      | Identified a +0 whip
  2593 | D:3      | Identified a +0 club
  2593 | D:3      | Identified a +0 leather armour
  2602 | D:3      | Reached XP level 4. HP: 29/32 MP: 4/7
  2829 | D:3      | Identified a cursed -3 club
  2839 | D:3      | Identified a +0 dagger
  2839 | D:3      | Identified a +0 robe
  2839 | D:3      | Identified a +0 whip
  2839 | D:3      | Identified a +0 whip
  2846 | D:3      | Identified a +0 club
  2846 | D:3      | Identified a +0 chain mail
  2852 | D:3      | Reached skill level 2 in Fighting
  2852 | D:3      | Reached XP level 5. HP: 17/38 MP: 1/9
  3112 | D:3      | Reached skill level 3 in Dodging
  3130 | D:3      | Identified a +0 dagger
  3408 | D:3      | Identified a +0 war axe
  3408 | D:3      | Identified a +0 chain mail
  3411 | D:3      | Identified a +0 trident
  3411 | D:3      | Identified a +0 ring mail
  3414 | D:3      | Reached skill level 6 in Ice Magic
  3555 | D:3      | Reached skill level 3 in Spellcasting
  3561 | D:3      | Learned a level 4 spell: Summon Ice Beast
  3703 | D:3      | Reached skill level 2 in Armour
  3899 | D:3      | Found a glowing golden altar of the Shining One.
  4157 | D:4      | Identified a +0 giant club
  4157 | D:4      | Noticed an ogre
  4165 | D:4      | HP: 4/38 [ogre/+0 giant club (15)]
  4166 | D:4      | Demolished by an ogre

Table legend: (Time is in decaauts)
 A = Elapsed time spent in this place.
 B = Non-inter-level travel time spent in this place.
 C = Inter-level travel time spent in this place.
 D = Time resting spent in this place.
 E = Time spent auto-exploring this place.
 F = Levels seen in this place.
 G = Mean time per level.
                   A        B        C        D        E       F      G
               +--------+--------+--------+--------+--------+-----+--------+
         Total |   4679 |   4423 |    256 |   1325 |   2628 |   4 | 1169.8 |
       Dungeon |   4679 |   4423 |    256 |   1325 |   2628 |   4 | 1169.8 |
               +--------+--------+--------+--------+--------+-----+--------+

Top non-repeatable levels by time:
     D:3: 1777 daAuts
     D:2: 1532 daAuts
     D:1: 1348 daAuts
     D:4: 21 daAuts

Table legend:
 A = Kills in this place as a percentage of kills in entire the game.
 B = Kills by you in this place as a percentage of kills by you in the entire game.
 C = Kills by friends in this place as a percentage of kills by friends in the entire game.
 D = Other kills in this place as a percentage of other kills in the entire game.
 E = Experience gained in this place as a percentage of experience gained in the entire game.
 F = Experience gained in this place divided by the number of levels of this place that you have seen.
                   A       B       C       D       E      F
               +-------+-------+-------+-------+-------+----------------------
         Total | 100.0 | 100.0 |   N/A |   N/A | 100.0 |  56.5
       Dungeon | 100.0 | 100.0 |   N/A |   N/A | 100.0 |  56.5
               +-------+-------+-------+-------+-------+----------------------

Skill      XL: |  1  2  3  4  5 |
---------------+----------------+-----
Ice Magic      | 5 6 |  6.0
Fighting       | 1 2 |  2.2
Armour         | 1 2 |  2.0
Dodging        | 3 |  3.0
Spellcasting   | 3 |  3.0
Stealth        | |  1.7
Summonings     | |  0.1

Action                   |  1- 3 |  4- 6 || total
-------------------------+-------+-------++-------
Melee: Whip              |    63 |       ||    63
       Unarmed           |     2 |       ||     2
       Flail             |     8 |     7 ||    15
       Trident           |       |    10 ||    10
 Fire: Hunting sling     |     6 |    32 ||    38
Throw: Dart              |    13 |     4 ||    17
 Cast: Freeze            |    38 |     9 ||    47
       Frozen Ramparts   |       |     2 ||     2
Armor: Robe              |    23 |       ||    23
       Leather armour    |    11 |     7 ||    18
Dodge: Dodged            |    82 |    17 ||    99

Vanquished Creatures
  An orc priest (D:3)
  An orc wizard (D:3)
  3 adders
  3 worms
  3 dart slugs (D:1)
  3 leopard geckos
  7 orcs (D:3)
  5 bats
  4 giant cockroaches
  6 goblins
  3 hobgoblins (D:2)
  A quokka (D:3)
  7 frilled lizards
  4 kobolds
  2 rats
53 creatures vanquished.
